 Dungeon Crawl Stone Soup version 0.27-a0-156-gbcd94eb011 (webtiles) character file.

Game seed: 1571521681613856286

70 NickelLess the Digger (level 4, -2/24 HPs)
             Began as a Gargoyle Earth Elementalist on Jan 27, 2021.
             Slain by Sigmund
             ... wielding a +0 scythe
              (6 damage)
             ... on level 2 of the Dungeon.
             The game lasted 00:07:40 (1280 turns).

NickelLess the Digger (Gargoyle Earth Elementalist) Turns: 1280, Time: 00:07:41

Health: -2/24      AC:  7    Str: 11    XL:     4   Next: 21%
Magic:  6/7        EV: 11    Int: 17    God:
Gold:   45         SH:  0    Dex: 10    Spells: 1/7 levels left

rFire    . . .     SeeInvis .   i - +0 mace
rCold    . . .     Faith    .   (no shield)
rNeg     + . .     Spirit   .   h - +0 leather armour
rPois    ∞         Reflect  .   (no helmet)
rElec    +         Harm     .   k - +0 cloak
rCorr    .         Rampage  .   (no gloves)
Will     .....                  (no boots)
Stlth    ++........             (no amulet)
HPRegen  0.08/turn              (no ring)
MPRegen  0.10/turn              (no ring)

@: no status effects
A: negative energy resistance 1, electricity resistance, unbreathing,
petrification resistance, miasma immunity, AC +3
a: no special abilities


You were on level 2 of the Dungeon.
You visited 1 branch of the dungeon, and saw 2 of its levels.

You collected 45 gold pieces.

Inventory:

Hand Weapons
 e - a +0 dagger
 i - a +0 mace (weapon)
Missiles
 b - 18 stones
Armour
 c - a +0 robe
 h - a +0 leather armour (worn)
 k - a +0 cloak (worn)
Scrolls
 a - 3 scrolls of identify {unknown}
 f - 2 scrolls of amnesia {unknown}
 g - a scroll of enchant weapon {unknown}
 j - 2 scrolls of fog {unknown}
Potions
 d - a potion of berserk rage {unknown}


   Skills:
 - Level 1.5 Dodging
 - Level 2.1 Stealth
 - Level 2.0 Spellcasting
 + Level 1.8 Conjurations
 - Level 1.5 Transmutations
 - Level 5.0 Earth Magic


You had one spell level left.
You knew the following spells:

 Your Spells              Type           Power        Failure   Level
a - Sandblast             Erth           36%          3%          1
b - Passwall              Tmut/Erth      10%          10%         2
c - Stone Arrow           Conj/Erth      26%          19%         3

Your spell library contained the following spells:

 Spells                   Type           Power        Failure   Level
 Petrify                  Tmut/Erth      12%          54%         4
 Lee's Rapid Deconstruct  Erth           9%           65%         5


Dungeon Overview and Level Annotations

Branches:
Dungeon (2/15)

Altars:

Annotations:
D:2 Sigmund


Innate Abilities, Weirdness & Mutations

You are resistant to torment.
Your stone body is resilient. (AC +3)
You are immune to poison.
You resist negative energy. (rN+)
You are resistant to electric shocks. (rElec)
You can survive without breathing.
You are immune to petrification.
You are immune to miasma.


Message History

Sigmund points at himself and mumbles some strange words.
Sigmund flickers and vanishes!
Deactivating autopickup; reactivate with Ctrl-A.
A giant cockroach comes into view.
Something hits you.
There is an escape hatch in the floor here.
Something hits you.
Found a stone staircase leading up.
You miss something. Something hits you!
* * * LOW HITPOINT WARNING * * *
A hobgoblin comes into view.
The hobgoblin moves out of view.
Casting: Sandblast (safe; 3% risk of failure)
Confirm with . or Enter, or press ? or * to list all spells.
Aiming: Sandblast (safe; 3% risk of failure)
Press: ? - help, Shift-Dir - straight line, f - giant cockroach
Aim: a giant cockroach (21% to evade)
The blast of sand hits something but does no damage.
Something hits you.
You die...

.#...#... ..#....#
#...#..# .# .#....# ...#
..#.< ... #...#..B#
......
#...#.#######......
#.@..............
#...#.>............
#.....#.............
..................#
.....[............#
..............†...#####.
........######.#.###....
...##.#. ##...##..###
...#. #...)†.†....


You could see a giant cockroach.

Vanquished Creatures
  2 adders (D:2)
  A dart slug (D:1)
  2 ball pythons
  11 bats
  2 giant cockroaches (D:1)
  8 goblins (D:1)
  3 hobgoblins
  4 jackals (D:2)
  A quokka (D:2)
  4 frilled lizards (D:1)
  5 kobolds
  3 rats (D:1)
46 creatures vanquished.

Notes
Turn   | Place    | Note
-------+----------+-------------------------------------------
     0 | D:1      | NickelLess the Gargoyle Earth Elementalist began the quest
                  | for the Orb.
     0 | D:1      | Reached XP level 1. HP: 10/10 MP: 3/3
   108 | D:1      | Reached skill level 1 in Transmutations
   112 | D:1      | Reached skill level 4 in Earth Magic
   160 | D:1      | Reached XP level 2. HP: 7/15 MP: 3/5
   373 | D:1      | Learned a level 2 spell: Passwall
   450 | D:1      | Reached XP level 3. HP: 16/19 MP: 0/6
  1023 | D:2      | Learned a level 3 spell: Stone Arrow
  1033 | D:2      | Reached skill level 5 in Earth Magic
  1054 | D:2      | Reached skill level 1 in Conjurations
  1140 | D:2      | Reached XP level 4. HP: 23/24 MP: 1/7
  1272 | D:2      | Noticed Sigmund
  1280 | D:2      | Slain by Sigmund

Illustrated notes

Levels and vault maps discovered:
D:1:      scummos_arrival_simple_fountains, layout_rooms, minmay_heptomino_w4
D:2:      lemuel_upstairs_altar, layout_rooms, nicolae_tso_carved_into_rock,
          general_overflow_altar, gammafunk_temple_overflow_elements, hex_large,
          uniq_sigmund

Skill      XL: |  1  2  3 |
---------------+----------+-----
Transmutations | 1 |  1.5
Earth Magic    | 4 5 |  5.0
Conjurations   | 1 |  1.8
Dodging        | |  1.5
Stealth        | |  2.1
Spellcasting   | |  2.0

Action                   |  1- 3 |  4- 6 || total
-------------------------+-------+-------++-------
Melee: Unarmed           |     2 |       ||     2
       Dagger            |    12 |       ||    12
       Mace              |    12 |     8 ||    20
 Cast: Sandblast         |    53 |     8 ||    61
Armor: Robe              |     3 |       ||     3
       Leather armour    |    30 |     3 ||    33
Dodge: Dodged            |    29 |     9 ||    38

Table legend: (Time is in decaauts)
 A = Elapsed time spent in this place.
 B = Non-inter-level travel time spent in this place.
 C = Inter-level travel time spent in this place.
 D = Time resting spent in this place.
 E = Time spent auto-exploring this place.
 F = Levels seen in this place.
 G = Mean time per level.
                   A        B        C        D        E       F      G
               +--------+--------+--------+--------+--------+-----+--------+
         Total |   1286 |   1286 |      0 |    607 |    168 |   2 |  643.0 |
       Dungeon |   1286 |   1286 |      0 |    607 |    168 |   2 |  643.0 |
               +--------+--------+--------+--------+--------+-----+--------+

Top non-repeatable levels by time:
     D:1: 1007 daAuts
     D:2: 279 daAuts
